 Dungeon Crawl Stone Soup version 0.19-a0-4-ga5c5ac4 (webtiles) character file.

851 HaroldButt the Cruncher (level 8, -2/58 HPs)
             Began as a Formicid Fighter on Apr 28, 2016.
             Was a Believer of Cheibriados.
             Slain by a phantom (6 damage)
             ... on level 4 of the Dungeon.
             The game lasted 00:49:10 (2451 turns).

HaroldButt the Cruncher (Formicid Fighter)          Turns: 2451, Time: 00:49:11

Health: -2/58      AC:  8    Str: 25    XL:     8   Next: 21%
Magic:  8/8        EV:  8    Int: 12    God:    Cheibriados [**....]
Gold:   305        SH: 10    Dex: 16    Spells: 0 memorised, 7 levels left

rFire  . . .     SeeInvis +     a - +1 quarterstaff
rCold  + . .     Gourm    +     b - +0 scale mail
rNeg   . . .     Faith    .     c - +0 shield
rPois  .         Spirit   .     (helmet unavailable)
rElec  .         Dismiss  .     n - +0 cloak
rCorr  .         Reflect  .     (no gloves)
SustAt +         Harm     .     (no boots)
MR     .....                    m - amulet of the gourmand
Stlth  ..........               v - ring of sustain attributes
                                i - ring of protection from cold

@: very slow, not resistant to hostile enchantments, extremely unstealthy
A: permanent stasis, dig shafts and tunnels, four strong arms, antennae 3
a: Dig, Shaft Self, Bend Time, Renounce Religion


You were on level 4 of the Dungeon.
You worshipped Cheibriados.
Cheibriados was pleased with you.
You were very full.

You visited 1 branch of the dungeon, and saw 4 of its levels.

You collected 305 gold pieces.

Inventory:

Hand Weapons
 a - a +1 quarterstaff (weapon)
 g - a +0 blowgun
Missiles
 r - 32 poisoned needles
Armour
 b - a +0 scale mail (worn)
 c - a +0 shield (worn)
 n - a +0 cloak (worn)
Jewellery
 i - a ring of protection from cold (left hand)
 m - an amulet of the gourmand (around neck)
 v - a ring of sustain attributes (right hand)
Wands
 h - a wand of paralysis (1/24)
Scrolls
 e - a scroll of identify
 k - a scroll of teleportation
 o - 2 scrolls of fog
Potions
 d - a potion of might
 j - a potion of flight
 p - a potion of agility
 s - a potion of curing
Comestibles
 f - 2 bread rations
 l - a royal jelly
 u - 2 meat rations


   Skills:
 + Level 3.3 Fighting
 + Level 9.0 Staves
 + Level 3.2 Armour
 + Level 0.0 Dodging
 + Level 3.7 Shields


You had 7 spell levels left.
You didn't know any spells.

Dungeon Overview and Level Annotations

Branches:
Dungeon (4/15)
 Temple: D:4-7

Altars:
Cheibriados
Dithmenos
Xom
Zin


Innate Abilities, Weirdness & Mutations

You are under a permanent stasis effect.
You can dig through walls and to a lower floor.
Your four strong arms can wield two-handed weapons with a shield.
You have a pair of large antennae on your head (SInv).


Message History

The phantom hits you but does no damage.
You sock the phantom!
The phantom is almost destroyed.
You hit the phantom but do no damage.
The phantom is almost destroyed.
The phantom hits you but does no damage.
You closely miss the phantom.
The phantom is almost destroyed.
The phantom hits you.
* * * LOW HITPOINT WARNING * * *
You completely miss the phantom.
The phantom is almost destroyed.
The phantom hits you but does no damage.
You hit the phantom.
The phantom is almost destroyed.
The phantom hits you but does no damage.
You completely miss the phantom.
The phantom is almost destroyed.
The phantom hits you.
You die...

......# #.######
...###### #.#
........###.#
..........#.#
.#......##.#
#.#....##..#
#.#...##..#
.#....(#..#
#.#..@.#.######
#.#..W.........##
#..............# #
.........>........# .#
##..%.............#
... ###...............
...# #...........####
....# ##.O...#....####
.....###.....####..###


You could see a phantom and an ogre (wandering).

Vanquished Creatures
  The ghost of PeterLawrence the Cudgeler, a novice MiFi (D:4)
  Edmund (D:4)
  Duvessa (D:4)
  Dowan (D:4)
  A scorpion (D:4)
  An orc priest (D:3)
  A worker ant (D:4)
  4 adders
  An ooze (D:2)
  An adder skeleton (D:4)
  A worm (D:2)
  4 dart slugs
  4 giant geckos
  13 orcs (D:3)
  12 bats
  5 giant cockroaches
  9 goblins
  4 hobgoblins
  4 jackals (D:1)
  8 kobolds
  14 rats
  A fungus (D:1)
92 creatures vanquished.

Notes
Turn   | Place    | Note
--------------------------------------------------------------
     0 | D:1      | HaroldButt the Formicid Fighter began the quest for the Orb.
     0 | D:1      | Reached XP level 1. HP: 18/18 MP: 1/1
    75 | D:1      | Reached XP level 2. HP: 22/24 MP: 2/2
   147 | D:1      | Reached skill level 3 in Staves
   154 | D:1      | Reached XP level 3. HP: 14/29 MP: 3/3
   580 | D:2      | Found a shimmering altar of Xom.
   580 | D:2      | Noticed an angel
   727 | D:2      | Reached XP level 4. HP: 30/35 MP: 4/4
   782 | D:2      | Reached skill level 4 in Staves
   904 | D:2      | Found a snail-covered altar of Cheibriados.
   945 | D:2      | Became a worshipper of Cheibriados the Contemplative
   981 | D:2      | Found a glowing silver altar of Zin.
  1419 | D:3      | Reached XP level 5. HP: 39/41 MP: 5/5
  1459 | D:3      | Reached * piety under Cheibriados
  1575 | D:3      | Reached skill level 5 in Staves
  1914 | D:4      | Noticed PeterLawrence's ghost (novice MiFi)
  1945 | D:4      | Reached ** piety under Cheibriados
  2037 | D:4      | Reached XP level 6. HP: 40/47 MP: 6/6
  2073 | D:4      | Noticed Duvessa
  2089 | D:4      | Killed Duvessa
  2089 | D:4      | Reached skill level 6 in Staves
  2200 | D:4      | Noticed Dowan
  2209 | D:4      | Killed Dowan
  2209 | D:4      | Reached XP level 7. HP: 37/52 MP: 7/7
  2227 | D:4      | Found a shadowy altar of Dithmenos.
  2228 | D:4      | Noticed Edmund
  2247 | D:4      | Killed Edmund
  2247 | D:4      | Reached skill level 7 in Staves
  2425 | D:4      | HP: 2/52 [PeterLawrence's ghost (6)]
  2433 | D:4      | Killed PeterLawrence's ghost
  2433 | D:4      | Reached skill level 9 in Staves
  2433 | D:4      | Reached XP level 8. HP: 15/58 MP: 8/8
  2451 | D:4      | Slain by a phantom

Vault maps used:
D:1:      mrwooster_arrival_statue, kennysheep_crisscross, serial_bayou_pond_c,
          minmay_gold_behind_fungi, minmay_misc_feat_x
D:2:      grunt_temple_overflow_order_and_chaos_1, kennysheep_slug_shrine
D:3:      corexii_hall_statues_l
D:4:      nicolae_dithmenos_shadow_blocks, minmay_temple_entry_grid,
          first_bread, nrook_loot_triangle, serial_bayou_lagoon_b, uniq_duvessa,
          uniq_edmund

Skill      XL: |  1  2  3  4  5  6  7 |
---------------+----------------------+-----
Staves         | 3 4 5 6 9 |  9.0
Fighting       | |  3.3
Armour         | |  3.2
Shields        | |  3.7

Action                   |  1- 3 |  4- 6 |  7- 9 || total
-------------------------+-------+-------+-------++-------
Melee: Quarterstaff      |   101 |   167 |    65 ||   333
 Abil: Dig               |       |     2 |     1 ||     3
  Use: Scroll            |       |     9 |       ||     9
       Potion            |       |       |     3 ||     3
  Eat: Chunk             |     3 |    13 |       ||    16
Armor: Scale mail        |    45 |    62 |    10 ||   117
Dodge: Dodged            |    33 |    37 |    11 ||    81
Block: Shield            |    48 |    79 |    23 ||   150
